 Dungeon Crawl Stone Soup version 0.30-a0-219-gf2db51d15e (webtiles) character file.

Game seed: 7363724523965425146

47 zishaf the Sneak (level 3, -1/19 HPs)
             Began as a Vine Stalker Brigand on Oct 6, 2022.
             Slain by a goblin
             ... wielding a +0 dagger
             ... led by Robin
              (3 damage)
             ... on level 2 of the Dungeon.
             The game lasted 00:01:49 (1393 turns).

zishaf the Sneak (Vine Stalker Brigand)             Turns: 1393, Time: 00:01:50

Health: -1/19      AC:  3    Str: 13    XL:     3   Next: 70%
Magic:  0/4        EV: 12    Int: 11    God:
Gold:   39         SH:  0    Dex: 17    Spells: 2/2 levels left

rFire   . . .      SeeInvis .    a - +2 dagger
rCold   . . .      Faith    .    (no shield)
rNeg    . . .      Spirit   +    b - +0 robe
rPois   .          Reflect  .    (no helmet)
rElec   .          Harm     .    c - +0 cloak
rCorr   .          Rampage  .    (no gloves)
Will    +....                    (no boots)
Stlth   +++.......               (no amulet)
HPRegen 0.23/turn                j - ring of willpower
MPRegen 0.09/turn                (no ring)

@: no status effects
A: fangs 2, magic shield, antimagic bite, no potion heal 2
a: no special abilities


You were on level 2 of the Dungeon.
You visited 1 branch of the dungeon, and saw 2 of its levels.

You collected 39 gold pieces.

Inventory:

Hand Weapons
 a - a +2 dagger (weapon)
Missiles
 d - 9 poisoned darts (quivered)
 e - 3 curare-tipped darts
 g - 5 javelins
Armour
 b - a +0 robe (worn)
 c - a +0 cloak (worn)
Jewellery
 j - a ring of willpower (left hand)
Scrolls
 f - a scroll of vulnerability {unknown}
 h - a scroll of identify {unknown}
 i - a scroll of teleportation {unknown}
Potions
 k - a potion of mutation {unknown}


   Skills:
 + Level 2.6 Fighting
 + Level 2.6 Short Blades
 - Level 2.0 Throwing
 - Level 1.0 Dodging
 - Level 5.0 Stealth


You had 2 spell levels left.
You didn't know any spells.
Your spell library contained the following spells:

 Spells                   Type           Power      Damage    Failure   Level
 Dazzling Flash           Conj/Hex       0%         N/A       71%         3
 Iskenderun's Mystic Bla  Conj/Tloc      0%         2d3       98%         4
 Starburst                Conj/Fire      0%         6d3       100%        6


Dungeon Overview and Level Annotations

Branches:
Dungeon (2/15)

Altars:

Annotations:
D:2 Robin


Innate Abilities, Weirdness & Mutations

You have extremely sharp teeth.
When hurt, damage is shared between your health and your magic reserves.
Your bite disrupts and absorbs the magic of your enemies.
Potions cannot restore your health.


Message History

You hit the goblin.
You kill the goblin!
Robin says, "A pitiful Vine Stalker like you will never find the ORB!"
Robin throws the goblin at you!
A goblin comes into view. It is wielding a +0 dagger.
The goblin barely misses you.
Unknown command.
Robin hits you with a +0 short sword.
Things that are here:
a +0 club; a +0 sling; a goblin corpse 2 goblins come into view.
The goblin shouts!
You hear an angry hiss.
You hear a shout!
Robin throws the goblin at you!
* * * LOW HITPOINT WARNING * * *
The goblin attacks as you move away! The goblin hits you with a +0 dagger.
* * * LOW HITPOINT WARNING * * *
The goblin no longer looks unusually strong. x2
Robin throws the goblin at you! The goblin closely misses you.
The goblin hits you with a +0 dagger.
* * * LOW HITPOINT WARNING * * *
The goblin attacks as you move away! The goblin completely misses you.
An adder comes into view.
The goblin misses you.
Robin roars a battlecry!
The goblins go into a battle-frenzy!
The goblin attacks as you move away! The goblin hits you with a +0 dagger.
* * * LOW HITPOINT WARNING * * *
Found a war axe.
The adder hisses angrily.
Robin throws the goblin at you! The goblin barely misses you.
You hit the goblin.
You kill the goblin!
The goblin no longer looks unusually strong.
The goblin hits you with a +0 dagger. The goblin hits you but does no damage.
You closely miss the goblin. You bite the goblin. You drain its power.
You feel invigorated.
The goblin is severely wounded.
The goblin no longer looks unusually strong.
The goblin hits you with a +0 dagger.
You die...

####.....#
)..##########........#
......w.).....g......
##.#######g.#####....#
... ###g######.$..#
#.... #.g........ ..#
.#.##.###g.#######. .#
........gg†....... #
#.....@ggS#######
.......)..(#
....##.....# ...
#.....# .. #.....#
#..#..### #...>...#
#.#####.... #.# ..##


You could see Robin, an adder and 7 goblins.

Vanquished Creatures
  2 dart slugs
  2 ball pythons (D:1)
  6 endoplasms
  A giant cockroach (D:1)
  3 goblins (D:2)
  5 hobgoblins
  3 jackals
  6 kobolds
  2 quokkas
  2 bats (D:1)
  3 frilled lizards (D:1)
  3 rats (D:1)
38 creatures vanquished.

Vanquished Creatures (others)
  8 plants (D:1)
8 creatures vanquished.

Grand Total: 46 creatures vanquished

Notes
Turn   | Place    | Note
-------+----------+-------------------------------------------
     0 | D:1      | zishaf the Vine Stalker Brigand began the quest for the
                  | Orb.
     0 | D:1      | Reached XP level 1. HP: 11/11 MP: 2/2
    19 | D:1      | Found a faded altar of an unknown god.
   102 | D:1      | Reached skill level 1 in Dodging
   102 | D:1      | Reached XP level 2. HP: 13/15 MP: 1/3
   105 | D:1      | Reached skill level 5 in Stealth
   699 | D:1      | Reached XP level 3. HP: 19/19 MP: 4/4
  1374 | D:2      | Noticed Robin
  1393 | D:2      | Slain by a goblin

Illustrated notes

Levels and vault maps discovered:
D:1:      roderic_crop_circles_arrival_small, layout_basic,
          ebering_ecumenical_altar_mist
D:2:      layout_basic, minmay_small_reverse_x, uniq_robin

Skill      XL: |  1  2 |
---------------+-------+-----
Dodging        | 1 |  1.0
Stealth        | 5 |  5.0
Short Blades   | 2 |  2.6
Throwing       | 2 |  2.0
Fighting       | 2 |  2.6

Action                   || total
-------------------------++-------
Melee: Dagger            ||    84
       Bite              ||    13
       Punch             ||     1
 Stab: Sleeping          ||    13
Armor: Robe              ||    12
Dodge: Dodged            ||    41

Table legend: (Time is in decaauts)
 A = Elapsed time spent in this place.
 B = Non-inter-level travel time spent in this place.
 C = Inter-level travel time spent in this place.
 D = Time resting spent in this place.
 E = Time spent auto-exploring this place.
 F = Levels seen in this place.
 G = Mean time per level.
                   A        B        C        D        E       F      G
               +--------+--------+--------+--------+--------+-----+--------+
         Total |   1383 |   1344 |     39 |      0 |   1130 |   2 |  691.5 |
       Dungeon |   1383 |   1344 |     39 |      0 |   1130 |   2 |  691.5 |
               +--------+--------+--------+--------+--------+-----+--------+

Top non-repeatable levels by time:
     D:1: 1204 daAuts
     D:2: 178 daAuts
